 Dungeon Crawl Stone Soup version 0.30.1-9-gdf580d7c3d (webtiles) character file.

Game seed: 14212899142765277128

1536751 SuperSeabass the Devastator (level 25, 142/142 HPs)
             Began as a Vine Stalker Conjurer on Oct 8, 2023.
             Was an Initiate of Gozag.
             Escaped with the Orb
             ... and 3 runes on Oct 9, 2023!
             The game lasted 06:36:31 (75037 turns).

SuperSeabass the Devastator (VSCj)                 Turns: 75037, Time: 06:36:31

Health: 142/142    AC: 22    Str: 12    XL:     25   Next: 50%
Magic:  48/48      EV: 24    Int: 20    God:    Gozag
Gold:   689        SH:  7    Dex: 23    Spells: 6/47 levels left

rFire   + + .        a - +12 spear of Wiuss {speed, rElec rN+ Will+ SInv}
rCold   + . .        w - +1 buckler {AC+3}
rNeg    + + .        M - +2 robe {rC+ rF+}
rPois   +            Q - +2 helmet
rElec   +            T - +2 cloak
rCorr   .            G - +4 pair of gloves of the Storm King {rN+ Will++ Str-4 SInv}
SInv    +            g - +2 pair of boots
Will    +++++        n - amulet of the Ancients {Regen+ MP+9 SInv}
Stlth   ++           P - ring of the Median {rPois Dex+6 Slay+3}
HPRegen 2.03/turn    H - ring of protection from fire
MPRegen 0.31/turn

%: guardian spirit
@: studying 2 skills
A: fangs 3, regeneration 1, magic shield, antimagic bite, no potion heal 2
0: Orb of Zot
}: 3/15 runes: decaying, abyssal, gossamer
a: Renounce Religion, Potion Petition, Call Merchant, Bribe Branch


You escaped.
You worshipped Gozag.
Gozag was pleased with you.
You visited 10 branches of the dungeon, and saw 49 of its levels.
You visited the Abyss 1 time.
You also visited: Sewer and Ice Cave.

You collected 24181 gold pieces.
You spent 3235 gold pieces at shops.
You paid 20257 gold pieces to Gozag.

Inventory:

Hand Weapons
 a - the +12 spear of Wiuss (weapon) {speed, rElec rN+ Will+ SInv}
   (You took it off a kobold demonologist on level 10 of the Dungeon)

   rElec:     It insulates you from electricity.
   rN:        It protects you from negative energy.
   SInv:      It lets you see invisible.
   Will:      It increases your willpower.
 b - the +8 trishula "Condemnation" {holy, anguish, *Noise Fly rN+}
   (You took it off a centaur warrior on level 10 of the Dungeon)

   rN:        It protects you from negative energy.
   Fly:       It grants you flight.
   *Noise:    It may make noises in combat.
Missiles
 q - 9 silver javelins
 J - 11 javelins
 U - 9 curare-tipped darts
 Y - 5 throwing nets
Armour
 g - a +2 pair of boots (worn)
 w - a +1 buckler of protection (worn)
 G - the +4 pair of gloves of the Storm King (worn) {rN+ Will++ Str-4 SInv}
   (You acquired it on level 4 of the Dungeon)

   Str:       It affects your strength (-4).
   rN:        It protects you from negative energy.
   SInv:      It lets you see invisible.
   Will:      It greatly increases your willpower.
 M - a +2 robe of resistance (worn)
 Q - a +2 helmet (worn)
 T - a +2 cloak (worn)
Magical Staves
 N - the staff of air "Orirr" {rElec rF+ rC+ rN+}
   (You found it on level 3 of the Elven Halls)

   [staff of air]

   Base accuracy: +5 Base damage: 5 Base attack delay: 1.2 This weapon's minimum
   attack delay (0.6) is reached at skill level 12.
   rF:        It protects you from fire.
   rC:        It protects you from cold.
   rElec:     It insulates you from electricity.
   rN:        It protects you from negative energy.
   It falls into the 'Staves' category.
   It is a one-handed weapon.
Jewellery
 n - the amulet of the Ancients (around neck) {Regen+ MP+9 SInv}
   (You found it on level 3 of the Crypt)

   [amulet of regeneration]

   MP:        It affects your magic capacity (+9).
   SInv:      It lets you see invisible.
   Regen:     It increases your rate of health regeneration.
 t - the ring "Ania" {rC+ EV+5 Dex+4}
   (You took it off a wizard on level 3 of the Depths)

   [ring of evasion]

   EV:        It affects your evasion (+5).
   Dex:       It affects your dexterity (+4).
   rC:        It protects you from cold.
 F - a ring of flight
 H - a ring of protection from fire (right hand)
 P - the ring of the Median (left hand) {rPois Dex+6 Slay+3}
   (You found it on level 11 of the Dungeon)

   [ring of dexterity]

   Dex:       It affects your dexterity (+6).
   Slay:      It affects your accuracy & damage with ranged weapons and melee
   (+3).
   rPois:     It protects you from poison.
 R - the ring of Pikly {rN+ rCorr Str+4 Int-2 SInv}
   (You found it in an ice cave)

   [ring of resist corrosion]

   Str:       It affects your strength (+4).
   Int:       It affects your intelligence (-2).
   rN:        It protects you from negative energy.
   SInv:      It lets you see invisible.
   rCorr:     It protects you from acid and corrosion.
 V - the ring "Onuiro" {rCorr AC+4 Str+2 Dex-4 Stlth+}
   (You found it on level 2 of the Elven Halls)

   [ring of protection]

   AC:        It affects your AC (+4).
   Str:       It affects your strength (+2).
   Dex:       It affects your dexterity (-4).
   rCorr:     It protects you from acid and corrosion.
   Stlth:     It makes you more stealthy.
 Z - a ring of wizardry
Wands
 d - a wand of digging (21)
 i - a wand of roots (24)
 m - a wand of mindburst (18)
 p - a wand of polymorph (21)
 r - a wand of quicksilver (43)
 z - a wand of charming (45)
Scrolls
 c - 5 scrolls of poison
 e - 8 scrolls of enchant weapon
 j - 9 scrolls of fear
 u - 4 scrolls of summoning
 x - 5 scrolls of fog
 A - 2 scrolls of blinking
 K - 31 scrolls of teleportation
 L - 4 scrolls of silence
 W - 7 scrolls of vulnerability
 X - 6 scrolls of magic mapping
Potions
 f - 13 potions of curing
 h - 6 potions of haste
 l - 10 potions of ambrosia
 o - 8 potions of invisibility
 s - 7 potions of resistance
 v - 13 potions of attraction
 y - 3 potions of berserk rage
 C - 4 potions of cancellation
 D - 12 potions of brilliance
 E - a potion of magic
 O - 6 potions of might
 S - 15 potions of mutation
Miscellaneous
 k - a phial of floods (inert)
 B - a box of beasts
 I - a phantom mirror


   Skills:
 + Level 17.7 Fighting
 - Level 8.0 Short Blades
 + Level 13.6 Polearms
 - Level 5.0 Armour
 + Level 14.6 Dodging
 - Level 10.0 Stealth
 - Level 5.0 Shields
 + Level 11.8 Spellcasting
 - Level 20.0 Conjurations
 - Level 11.0 Hexes
 * Level 17.1 Summonings
 - Level 6.0 Translocations
 - Level 11.0 Transmutations
 - Level 8.0 Air Magic


You had 6 spell levels left.
You knew the following spells:

 Your Spells              Type           Power      Damage    Failure   Level
b - Iskenderun's Mystic   Conj/Tloc      59%        2d12      1%          4
d - Magic Dart            Conj           100%       1d8       0%          1
i - Iron Shot             Conj/Erth      25%        9d5       19%         6
l - Lesser Beckoning      Tloc           70%        N/A       1%          2
p - Fulminant Prism       Conj/Hex       32%        3d15      1%          4
r - Searing Ray           Conj           100%       2d8       0%          2
s - Spellforged Servitor  Conj/Summ      36%        N/A       3%          7
y - Yara's Violent Unrav  Hex/Tmut       27%        3d12      2%          5
I - Irradiate             Conj/Tmut      32%        3d22      1%          5
P - Passwall              Tmut/Erth      27%        N/A       1%          2
R - Swiftness             Air            43%        N/A       1%          3

Your spell library contained the following spells:

 Spells                   Type           Power      Damage    Failure   Level
 Summon Small Mammal      Summ           100%       N/A       0%          1
 Call Imp                 Summ           100%       N/A       0%          2
 Apportation              Tloc           70%        N/A       1%          1
 Foxfire                  Conj/Fire      100%       2x1d9     1%          1
 Kiss of Death            Conj/Necr      100%       2d13      1%          1
 Shock                    Conj/Air       100%       1d9       1%          1
 Slow                     Hex            100%       N/A       1%          1
 Ensorcelled Hibernation  Hex/Ice        66%        N/A       1%          2
 Static Discharge         Conj/Air       100%       2-7/arc   1%          2
 Call Canine Familiar     Summ           69%        N/A       1%          3
 Confusing Touch          Hex            54%        N/A       1%          3
 Dazzling Flash           Conj/Hex       100%       N/A       1%          3
 Gell's Gravitas          Tloc           35%        N/A       1%          3
 Hailstorm                Conj/Ice       51%        3d11      1%          3
 Mephitic Cloud           Conj/Pois/Air  49%        N/A       1%          3
 Portal Projectile        Hex/Tloc       90%        N/A       1%          3
 Summon Guardian Golem    Hex/Summ       62%        N/A       1%          3
 Teleport Other           Tloc           35%        N/A       1%          3
 Tukima's Dance           Hex            54%        N/A       1%          3
 Vhi's Electric Charge    Tloc/Air       78%        N/A       1%          3
 Cause Fear               Hex            27%        N/A       1%          4
 Flame Wave               Conj/Fire      51%        2d13      1%          4
 Sticky Flame             Conj/Fire      51%        2d7       1%          4
 Summon Lightning Spire   Summ/Air       58%        N/A       1%          4
 Arcjolt                  Conj/Air       30%        1d40      1%          5
 Iskenderun's Battlesphe  Conj           75%        2d12      1%          5
 Summon Mana Viper        Hex/Summ       62%        N/A       1%          5
 Poisonous Vapours        Pois/Air       54%        N/A       2%          2
 Inner Flame              Hex/Fire       33%        N/A       2%          3
 Spider Form              Tmut/Pois      33%        N/A       2%          3
 Airstrike                Air            21%        2d(4-20)  2%          4
 Summon Ice Beast         Ice/Summ       46%        N/A       2%          4
 Blade Hands              Tmut           27%        N/A       2%          5
 Cigotuvi's Dreadful Rot  Necr/Pois/Air  44%        N/A       3%          2
 Fireball                 Conj/Fire      25%        3d11      3%          5
 Conjure Ball Lightning   Conj/Air       30%        3x3d10    3%          6
 Ignite Poison            Fire/Tmut/Pois 26%        N/A       4%          3
 Freezing Cloud           Conj/Ice/Air   24%        6-21      4%          5
 Silence                  Hex/Air        24%        N/A       4%          5
 Passage of Golubria      Tloc           35%        N/A       6%          4
 Volatile Blastmotes      Fire/Tloc      46%        2d13      7%          3
 Freeze                   Ice            44%        1d6       8%          1
 Necrotise                Necr           44%        1d6       8%          1
 Anguish                  Hex/Necr       16%        N/A       8%          4
 Ice Form                 Ice/Tmut       33%        N/A       8%          4
 Leda's Liquefaction      Hex/Erth       16%        N/A       8%          4
 Petrify                  Tmut/Erth      33%        N/A       8%          4
 Sublimation of Blood     Necr           11%        N/A       12%         2
 Starburst                Conj/Fire      25%        6d8       19%         6
 Frozen Ramparts          Ice            22%        1d4       22%         3
 Vampiric Draining        Necr           11%        2d6       22%         3
 Metabolic Englaciation   Hex/Ice        16%        N/A       22%         5
 Dispel Undead            Necr           11%        3d9       58%         4
 Olgreb's Toxic Radiance  Pois           11%        N/A       58%         4
 Dispersal                Tloc           17%        N/A       69%         6
 Borgnjor's Vile Clutch   Necr/Erth      5%         N/A       91%         5
 Death Channel            Necr           5%         N/A       100%        6
 Orb of Destruction       Conj           37%        9d11      1%          7
 Monstrous Menagerie      Summ           34%        N/A       5%          7
 Summon Horrible Things   Summ           34%        N/A       41%         8
 Malign Gateway           Summ/Tloc      27%        N/A       50%         7
 Dragon Form              Tmut           27%        N/A       56%         7
 Enfeeble                 Hex            27%        N/A       56%         7
 Storm Form               Tmut/Air       24%        N/A       78%         7
 Discord                  Hex            27%        N/A       99%         8
 Borgnjor's Revivificati  Necr           5%         N/A       100%        8
 Disjunction              Tloc           17%        N/A       100%        8
 Ignition                 Fire           5%         3d4       100%        8
 Infestation              Necr           5%         N/A       100%        8
 Lehudib's Crystal Spear  Conj/Erth      25%        10d7      100%        8
 Maxwell's Capacitive Co  Air            21%        ∞         100%        8
 Necromutation            Tmut/Necr      16%        N/A       100%        8
 Chain Lightning          Conj/Air       30%        3d40      100%        9
 Death's Door             Necr           5%         N/A       100%        9
 Fire Storm               Conj/Fire      25%        8d7       100%        9
 Shatter                  Erth           5%         3d8*      100%        9
 Simulacrum               Ice/Necr       Unusable   N/A       N/A         6

Dungeon Overview and Level Annotations

Branches:
Dungeon (15/15)            Temple (0/1) D:7            Lair (5/5) D:8
  Swamp (4/4) Lair:3       Spider (4/4) Lair:2        Slime (0/5) Lair:5
    Orc (2/2) D:9             Elf (3/3) Orc:2        Vaults (4/5) D:14
  Crypt (3/3) Vaults:2       Tomb (0/3) Crypt:3      Depths (4/4) D:15
    Zot (5/5) Depths:4      Sewer (visited)           IceCv (visited)

Altars:
Ashenzari
Dithmenos
Elyvilon
Fedhas
Gozag
Hepliaklqana
Makhleb
Nemelex Xobeh
Okawaru
Sif Muna
Uskayaw
Vehumet
Xom
Yredelemnul
Zin
The Shining One
Jiyva
Lugonu

Shops:
D:4 (   D:14 ==*   Orc:1 :   Orc:2 *?[:   Elf:3 *   Vaults:1 [   Depths:3 ==:
Depths:4 *

Portals:
Hell: Depths:1 Depths:2 Depths:3 Depths:4
Abyss: Lair:3 Depths:1 Depths:3
Pandemonium: Depths:2
Ziggurat: Depths:4
Trove: D:10 (give +6 demon trident)

Annotations:
Lair:3 exclusion: oklob plant
Lair:5 1 runed translucent door, exclusion: oklob plant
Swamp:3 Mara
Spider:2 Agnes
Elf:2 3 runed translucent doors, exclusion: 3 doors
Zot:5 1 exclusion


Innate Abilities, Weirdness & Mutations

You have razor-sharp teeth.
Your natural rate of healing is unusually fast.
When hurt, damage is shared between your health and your magic reserves.
Your bite disrupts and absorbs the magic of your enemies.
Potions cannot restore your health.


Message History

Your spellforged servitor gestures at the Executioner while chanting.
The iron shot misses the Executioner.
The Executioner hits your spellforged servitor!!
The Executioner hits your spellforged servitor.
The Executioner hits your spellforged servitor but does no damage.
Something hits your spellforged servitor but does no damage. x3
Something hits your spellforged servitor!
Your spellforged servitor is destroyed!
Your spellforged servitor disappears in a puff of smoke!
Casting: Spellforged Servitor (dangerous; 3% risk of failure)
Confirm with . or Enter, or press ? or * to list all spells.
You summon a servant imbued with your destructive magic!
The Executioner gestures.
The Executioner seems to speed up.
Your spellforged servitor casts a spell at the Executioner.
The iron shot hits the Executioner!!
The Executioner hits your spellforged servitor but does no damage. x2
The Executioner closely misses your spellforged servitor.
The Executioner hits your spellforged servitor!!
The Executioner hits your spellforged servitor.
The Executioner hits your spellforged servitor but does no damage.
The Executioner barely misses your spellforged servitor. x2
The Executioner hits your spellforged servitor.
The Executioner hits your spellforged servitor but does no damage. x3
Your spellforged servitor gestures at the Executioner while chanting.
The iron shot hits the Executioner!!!
The Executioner dies!
(D) Dungeon (T) Temple (L) Lair (S) Swamp (N) Spider Nest (M) Slime Pits (O) Orcish Mines (E) Elven Halls (V) Vaults (C) Crypt (W) Tomb (U) Depths (H) Hell (Z) Zot
Where to? (Enter - D:1 @ (x,y), ? - help)
What level of the Dungeon? (default 1, ? - help)
There is a stone staircase leading up here.
You climb upwards.
Your summoned ally is left behind.
There is a stone staircase leading down here.
Magic restored.
You see here a +0 dagger.
There is a staircase leading out of the dungeon here.
You have escaped!

#.................# #####
#.....#...........######....
#.....#...........#.........
#....>......................
#.###.##.......#............
#.# #.##...........#........
#.# #.#......⌠.....#.†...###
#.###.#............#.....#
#...#.#..∩.@>......#.....#
###.#.#............#######
#.#.#......⌠.....#
#....#...........# #######
#.##.##......##### #......
#.##..........## #......
#.###########..#####......
#.# #.............. #.#
#..............


There were no monsters in sight!

Vanquished Creatures
  An ancient lich (Crypt:3)
  Frederick (Depths:4)
  A curse toe (Zot:2)
  A caustic shrike (Depths:2)
  3 golden dragons
  Arachne (Spider:3)
  3 bone dragons
  2 tentacled monstrosities
  4 liches
  Jorgrun (Swamp:3)
  An Orb Guardian (Zot:5)
  A titan (Depths:2)
  A shard shrike skeleton (Crypt:3)
  4 deep elf blademasters
  A walking divine tome (Depths:4)
  A deep elf master archer (Elf:3)
  A quicksilver dragon (Vaults:2)
  Gastronok (D:12)
  3 tentacled starspawn (Abyss:3)
  A sphinx (Crypt:3)
  3 thorn hunters (Swamp:4)
  Frances (Spider:1)
  An Executioner (D:2)
  2 draconian monks (Depths:4)
  3 tengu reavers
  Donald (Orc:2)
  5 ancient champions
  Kirke (D:12)
  A storm dragon (Zot:2)
  3 revenants
  3 frost giants
  3 emperor scorpions
  7 vault wardens
  A ghost moth (shapeshifter) (Depths:2)
  A curse skull (Crypt:2)
  2 fire giants
  6 deep elf sorcerers
  The ghost of Nonny the Peltast, a journeyman TrAE of Sif Muna (Lair:4)
  6 ghouls (Crypt:2)
  A draconian annihilator (Zot:2)
  9 stone giants
  10 ironbound preservers
  4 ghost moths
  4 deep elf elementalists
  18 very ugly things
  A war gargoyle (Vaults:4)
  5 ironbound thunderhulks
  10 broodmothers
  A reaper (IceCv)
  4 vampire knights
  3 deep elf demonologists (Elf:3)
  A black draconian (Depths:4)
  2 green draconians
  5 deep elf annihilators (Elf:3)
  4 eleionomae
  11 spark wasps
  2 bunyips
  7 eidola
  A white draconian (Zot:1)
  3 ettins
  10 dire elephants
  A mummy priest (Crypt:3)
  A spectral quicksilver dragon (Crypt:3)
  A blizzard demon (Abyss:3)
  A shambling mangrove (Swamp:4)
  5 jiangshi
  8 entropy weavers
  5 deep elf death magi
  A crystal guardian (Vaults:4)
  7 deep elf high priests
  A merfolk javelineer (Abyss:3)
  5 fire dragons
  4 spriggan zombies
  4 great orbs of eyes
  Harold (D:9)
  10 yaktaur captains
  6 ice dragons
  11 vault guards
  12 hydras
  A rakshasa (Depths:1)
  Erolcha (D:12)
  2 peacekeepers
  Fannar (D:12)
  8 ironbound frosthearts
  2 ogre magi
  7 spriggan air magi
  2 ghost crabs
  An anaconda (shapeshifter) (Lair:3)
  2 boulder beetles
  A radroach (Spider:4)
  The ghost of Zonian the Skirmisher, a journeyman DEIE of Nemelex Xobeh (Lair:3)
  5 alligators
  15 dancing weapons
  5 catoblepae
  5 two-headed ogres
  10 centaur warriors
  6 death yaks (Lair:5)
  3 death knights
  5 spriggan berserkers
  5 deep troll shamans
  3 tengu warriors
  4 deep troll earth magi
  A hell hog (Lair:3)
  4 thrashing horrors (Abyss:3)
  2 orc high priests
  9 deep elf knights
  A spectral dire elephant (Crypt:3)
  3 vampire magi
  Sonja (D:11)
  5 sun demons
  17 shadow wraiths
  2 titan skeletons
  A soul eater (Crypt:3)
  7 spriggans
  5 iron trolls
  A sixfirhy (Depths:2)
  2 skysharks (Lair:5)
  A sun moth (Spider:2)
  27 skeletal warriors
  8 pharaoh ants
  2 goliath frogs
  5 spriggan druids
  A spectral bunyip (Crypt:3)
  13 swamp dragons
  Lodul (D:12)
  14 orb spiders
  5 bog bodies
  9 large abominations
  2 glowing orange brains
  20 deep trolls
  4 deep elf archers
  11 lindwurms
  4 steelbarb worms
  A harpy (Vaults:4)
  9 orc knights
  16 phantasmal warriors
  Pikel (D:9)
  A tengu zombie (Depths:1)
  23 deep elf pyromancers
  14 wizards
  A sphinx zombie (Depths:1)
  4 necromancers
  3 flayed ghosts
  12 deep elf zephyrmancers
  11 ironbound convokers
  An orc sorcerer (D:14)
  A sphinx skeleton (Crypt:2)
  A jorogumo skeleton (Crypt:3)
  5 moths of wrath
  24 ugly things
  10 manticores
  6 cyclopes
  7 elephants
  18 wolf spiders
  A manticore (shapeshifter) (D:10)
  A centaur zombie (Crypt:2)
  A worldbinder (Lair:3)
  5 will-o-the-wisps
  A dire elephant zombie (Crypt:2)
  A spectral centaur (Crypt:3)
  A water nymph (shapeshifter) (Depths:2)
  3 black mambas
  An ice statue (IceCv)
  A rust devil (Crypt:3)
  9 vault sentinels
  A guardian serpent (Abyss:3)
  6 torpor snails
  Joseph (D:9)
  An orange demon (Crypt:3)
  2 apocalypse crabs (Abyss:3)
  A centaur skeleton (Crypt:2)
  8 demonic crawlers
  2 gargoyles
  Psyche (D:11)
  8 cane toads
  An elephant slug zombie (Crypt:3)
  10 komodo dragons
  A cane toad (shapeshifter) (D:15)
  3 efreet
  A hellion (Crypt:3)
  4 unseen horrors
  4 kobold demonologists
  4 rime drakes
  16 freezing wraiths
  A komodo dragon (shapeshifter) (D:10)
  A catoblepas skeleton (Crypt:1)
  An ancient zyme (Abyss:3)
  8 guardian mummies (Crypt:3)
  An ice devil (Lair:3)
  19 yaktaurs
  A bloated husk (Swamp:3)
  A hellwing (Lair:3)
  A red devil (Crypt:3)
  6 trolls
  11 tyrant leeches
  A polar bear (Lair:4)
  3 harpy skeletons (Crypt:1)
  A meliai (Spider:4)
  32 tarantellas
  21 blink frogs
  11 hornets
  A fire dragon zombie (Crypt:2)
  An ettin zombie (Crypt:1)
  12 dream sheep (Lair:5)
  A jumping spider (shapeshifter) (D:15)
  A centaur simulacrum (Crypt:2)
  A black mamba zombie (Crypt:2)
  A ynoxinul (Lair:3)
  19 jumping spiders
  21 culicivoras
  35 slime creatures
  2 dire elephant simulacra (IceCv)
  An alligator skeleton (Crypt:2)
  11 shadows
  An air elemental (Elf:3)
  10 flying skulls
  7 water elementals
  12 wraiths
  7 basilisks
  3 wyverns
  A hog (D:12)
  2 nameless horrors
  60 yaks
  5 chaos spawn
  13 vampire mosquitoes
  67 redbacks
  An alligator snapping turtle simulacrum (Crypt:2)
  2 steam dragons
  3 wargs
  A death yak simulacrum (IceCv)
  15 swamp worms
  An acid dragon (D:14)
  2 harpy simulacra (IceCv)
  3 hell hounds (Zot:5)
  An entropy weaver zombie (Crypt:3)
  4 hydra simulacra (IceCv)
  14 water moccasins
  A fire bat zombie (Crypt:2)
  49 orc warriors
  9 swamp drakes
  3 floating eyes
  An ice beast (D:7)
  4 black bears
  A boggart (Lair:4)
  A swamp dragon zombie (Crypt:2)
  12 ogres
  14 wolves
  17 centaurs
  2 lemures (D:9)
  A phantom (D:6)
  A snapping turtle skeleton (Crypt:2)
  3 kobold brigands
  A komodo dragon zombie (Crypt:2)
  11 scorpions
  16 bullfrogs
  A wyvern zombie (Crypt:3)
  4 earth elementals
  A gnoll sergeant (D:6)
  2 cane toad simulacra (IceCv)
  8 two-headed ogre simulacra (IceCv)
  5 necrophages
  A glowing shapeshifter simulacrum (Depths:1)
  A yaktaur skeleton (Crypt:3)
  A salamander skeleton (Crypt:1)
  12 wights
  An elephant simulacrum (IceCv)
  12 killer bees
  A howler monkey (D:10)
  An electric eel (D:8)
  3 hounds
  4 jellies
  A gnoll bouda (D:6)
  11 orc priests
  7 iron imps (Crypt:3)
  Ijyb (D:4)
  A hell rat (Lair:1)
  2 iguanas (D:5)
  3 sleepcaps
  30 orc wizards
  A boggart zombie (Crypt:2)
  A polar bear simulacrum (IceCv)
  5 troll simulacra (IceCv)
  4 spriggan simulacra
  A wolf simulacrum (IceCv)
  3 small abominations
  14 gnolls
  13 adders
  4 naga simulacra (IceCv)
  3 river rats (Sewer)
  A swamp drake zombie (Crypt:3)
  A swamp drake skeleton (Crypt:2)
  2 shadow imps
  9 white imps
  5 ufetubi (IceCv)
  3 worms
  5 dart slugs
  68 orcs
  17 ball pythons
  6 endoplasms
  9 giant cockroaches
  12 goblins
  4 hobgoblins
  6 jackals
  12 kobolds
  4 quokkas
  10 bats
  4 frilled lizards
  A giant cockroach zombie (Crypt:3)
  A gnoll zombie (Crypt:1)
  32 rats
  2 butterflies (Lair:5)
  A lurking horror (Abyss:3)
  3 starspawn tentacles (Abyss:3)
1826 creatures vanquished.

Vanquished Creatures (collateral kills)
  An ancient lich (Depths:3)
  A Killer Klown (Zot:5)
  4 golden dragons
  An electric golem (Zot:5)
  2 tentacled monstrosities
  2 shard shrike skeletons
  A Hell Sentinel (Zot:4)
  A lich (Crypt:3)
  3 Orb Guardians
  A quicksilver dragon (Zot:2)
  An Executioner (D:2)
  2 tengu reavers (Depths:2)
  A death cob (Zot:2)
  2 shadow dragons
  A revenant (Crypt:3)
  3 storm dragons
  2 fire giants
  4 frost giants
  A draconian knight (Depths:4)
  A draconian scorcher (Zot:2)
  A draconian shifter (Zot:2)
  7 very ugly things
  A ghoul (Crypt:1)
  A spriggan defender (Depths:2)
  2 stone giants
  2 white draconians
  A spark wasp (Depths:4)
  5 black draconians
  A green draconian (Zot:1)
  A red draconian (Zot:2)
  A purple draconian (Zot:2)
  6 ettins
  A deep elf death mage (Crypt:3)
  An eidolon (Crypt:2)
  2 blizzard demons
  2 fire dragons
  A great orb of eyes (Depths:1)
  2 rakshasas
  6 ice dragons
  A hell hog (Depths:1)
  3 deep troll earth magi
  A hell knight (Depths:4)
  2 tengu warriors
  A titan zombie (Crypt:2)
  2 spriggan berserkers
  3 sun demons (Depths:1)
  A skyshark (Lair:2)
  11 skeletal warriors
  An iron troll (Depths:3)
  5 deep trolls
  2 flayed ghosts
  2 wizards
  5 phantasmal warriors
  2 necromancers
  3 ugly things (Depths:2)
  5 moths of wrath
  A shining eye (Depths:1)
  2 ice statues (Depths:3)
  An eye of devastation (Depths:1)
  2 large abominations (D:2)
  A hellion (Depths:1)
  2 freezing wraiths
  A guardian mummy (Crypt:3)
  A polar bear (Lair:2)
  A satyr zombie (Crypt:1)
  4 flying skulls
  A water elemental (Depths:1)
  2 shadows (Crypt:3)
  A chaos spawn (Depths:3)
  A neqoxec (D:11)
  A small abomination (Depths:3)
  A demonspawn simulacrum (Crypt:1)
  3 hell rats (Lair:1)
  A scorpion zombie (Crypt:1)
  2 tengu skeletons
158 creatures vanquished.

Vanquished Creatures (others)
  A Killer Klown (Zot:5)
  2 tentacled monstrosities (Zot:2)
  The ghost of SirLogeyBear the Executioner, an adept HOBe of Trog (Elf:2)
  8 Orb Guardians
  The ghost of Uskumoca the Bludgeoner, an adept OgCA of Zin (Elf:2)
  2 ancient champions
  2 shadow dragons (Zot:5)
  A death cob (Zot:2)
  2 storm dragons
  A draconian monk (Zot:2)
  2 draconian knights (Zot:2)
  A fire giant (Depths:4)
  2 draconian scorchers (Zot:2)
  A ghost moth (Zot:5)
  A curse skull (Crypt:3)
  A draconian stormcaller (Zot:2)
  A draconian annihilator (Zot:2)
  A very ugly thing (Depths:2)
  A vampire knight (Crypt:3)
  2 green draconians (Zot:2)
  2 red draconians (Zot:2)
  A white draconian (Zot:1)
  3 yellow draconians (Zot:2)
  4 black draconians
  An eidolon (Crypt:2)
  A jiangshi (Crypt:2)
  An ice dragon (Depths:3)
  A peacekeeper (Vaults:4)
  A soul eater (Crypt:2)
  A skeletal warrior (Crypt:1)
  A shadow wraith (Crypt:3)
  A deep elf archer (Elf:2)
  3 phantasmal warriors (Crypt:3)
  A flayed ghost (Crypt:3)
  An ugly thing (Depths:4)
  6 moths of wrath
  A deep elf pyromancer (Elf:1)
  A bloated husk (Swamp:1)
  5 dream sheep (D:4)
  3 humans (D:12)
  A swamp worm (Swamp:1)
  A hell hound (Zot:5)
  An orc (Orc:2)
  A butterfly (D:9)
  12 foxfires
  279 fulminant prisms
  5 starspawn tentacles (Abyss:3)
373 creatures vanquished.

Grand Total: 2357 creatures vanquished

Notes
Turn   | Place    | Note
-------+----------+-------------------------------------------
     0 | D:1      | SuperSeabass the Vine Stalker Conjurer began the quest for
                  | the Orb.
     0 | D:1      | Reached XP level 1. HP: 9/9 MP: 4/4
   181 | D:1      | Reached XP level 2. HP: 13/13 MP: 4/6
   229 | D:1      | Learned a level 2 spell: Searing Ray
   565 | D:1      | Reached XP level 3. HP: 16/16 MP: 2/7
  1613 | D:2      | Found an opulent altar of Gozag.
  1660 | D:2      | Became a worshipper of Gozag Ym Sagoz the Greedy
  1717 | D:2      | Reached skill level 1 in Hexes
  1717 | D:2      | Gained mutation: Your natural rate of healing is unusually
                  | fast. [Vine Stalker growth]
  1717 | D:2      | Reached XP level 4. HP: 21/21 MP: 5/9
  1818 | D:2      | Identified the +5 dagger of Purpose {venom, Str+2}
  2713 | D:3      | Found a shimmering blue altar of Sif Muna.
  3226 | D:4      | Found a glowing silver altar of Zin.
  3230 | D:4      | Reached skill level 5 in Conjurations
  3384 | D:4      | Noticed a scorpion
  3428 | D:4      | Reached XP level 5. HP: 24/24 MP: 4/10
  3544 | D:4      | Found a shadowy altar of Dithmenos.
  3545 | D:4      | Noticed a shadow
  3582 | D:4      | Found a glowing drain.
  3688 | D:4      | Found a hazy altar of Hepliaklqana.
  3712 | Sewer    | Entered a sewer
  3776 | Sewer    | Reached XP level 6. HP: 28/28 MP: 5/11
  3785 | Sewer    | Learned a level 4 spell: Fulminant Prism
  4621 | D:4      | Identified 4 scrolls of acquirement
  4621 | D:4      | Acquired the +4 pair of gloves of Tiofid {+Inv rF+ rN+
                  | Int-5}
  4623 | D:4      | Acquired Goow's Almanac of Violence and the Icicle
  4625 | D:4      | Acquired the +4 pair of gloves of the Storm King {rN+
                  | Will++ Str-4 SInv}
  4627 | D:4      | Acquired 731 gold pieces
  4673 | D:4      | Reached skill level 6 in Conjurations
  4673 | D:4      | Reached XP level 7. HP: 32/32 MP: 7/13
  4800 | D:4      | Noticed Ijyb
  5044 | D:5      | Entered Level 5 of the Dungeon
  5129 | D:4      | Found Xexop's Antique Weapon Shop.
  5531 | D:4      | Found a glowing golden altar of the Shining One.
  6408 | D:5      | Found a broken altar of Ashenzari.
  6629 | D:6      | Reached skill level 5 in Stealth
  6636 | D:6      | Reached skill level 1 in Translocations
  6636 | D:6      | Gained mutation: You have razor-sharp teeth. [Vine Stalker
                  | growth]
  6636 | D:6      | Reached XP level 8. HP: 36/36 MP: 7/15
  6712 | D:6      | Found a basalt altar of Yredelemnul.
  6914 | D:6      | Reached skill level 7 in Conjurations
  6975 | D:6      | Learned a level 4 spell: Iskenderun's Mystic Blast
  6991 | D:6      | Reached skill level 5 in Hexes
  7242 | D:6      | Found a burning altar of Makhleb.
  7858 | D:6      | Noticed a balrug
  7991 | D:7      | Noticed a hornet
  8064 | D:7      | Found a staircase to the Ecumenical Temple.
  8168 | D:7      | Reached XP level 9. HP: 37/39 MP: 17/17
  8231 | D:7      | Reached skill level 5 in Spellcasting
  8344 | D:7      | Found a hide-covered altar of Uskayaw.
  8374 | D:7      | Found an iron altar of Okawaru.
  8403 | D:7      | Paralysed by a hornet for 2 turns
  8408 | D:7      | Killed a hornet
  8493 | D:7      | Reached skill level 8 in Conjurations
  9143 | D:7      | Identified the ring "Qufar" {MP-9 Str+4 Int+6}
  9560 | D:8      | Noticed a hornet
  9767 | D:8      | Found a sparkling altar of Nemelex Xobeh.
  9872 | D:8      | Reached skill level 9 in Conjurations
  9874 | D:8      | Reached XP level 10. HP: 44/44 MP: 9/19
 10004 | D:8      | Found a radiant altar of Vehumet.
 10171 | D:8      | Found a staircase to the Lair.
 10450 | D:9      | Noticed Harold
 10470 | D:9      | Noticed Joseph
 10560 | D:9      | Reached skill level 5 in Translocations
 10916 | D:9      | Noticed Pikel
 11043 | D:9      | Killed Pikel
 11044 | D:9      | Reached skill level 10 in Conjurations
 11259 | D:9      | Noticed a two-headed ogre
 11285 | D:9      | Killed a two-headed ogre
 11286 | D:9      | Reached skill level 1 in Fighting
 11286 | D:9      | Reached skill level 1 in Shields
 11447 | D:9      | Found a white marble altar of Elyvilon.
 11838 | D:9      | Found a staircase to the Orcish Mines.
 12131 | D:10     | Entered Level 10 of the Dungeon
 12140 | D:10     | Noticed a two-headed ogre
 12150 | D:10     | Killed a two-headed ogre
 12151 | D:10     | Reached skill level 1 in Armour
 12151 | D:10     | Reached XP level 11. HP: 50/50 MP: 10/22
 12151 | D:10     | Noticed a cyclops
 12155 | D:9      | Reached skill level 1 in Short Blades
 12618 | D:10     | Identified the +1 battleaxe "Duonaoz" {spect, rF+ Dex+3}
 12618 | D:10     | Noticed an orc knight
 12763 | D:10     | Noticed a centaur warrior
 12887 | D:10     | Killed a centaur warrior
 12978 | D:10     | Noticed a manticore
 13126 | D:10     | Killed a manticore
 13265 | D:10     | Noticed a cyclops
 13271 | D:10     | Killed a cyclops
 13715 | Lair:1   | Entered Level 1 of the Lair of Beasts
 14096 | Lair:1   | Reached XP level 12. HP: 44/56 MP: 8/25
 15064 | Lair:2   | Noticed a skyshark
 15085 | Lair:2   | Killed a skyshark
 15250 | Lair:2   | Found a hole to the Spider Nest.
 16124 | Lair:3   | Found a transporter.
 16159 | Lair:3   | Noticed Zonian's ghost (journeyman DEIE)
 16361 | Lair:3   | Reached XP level 13. HP: 52/63 MP: 23/26
 16464 | Lair:3   | Found a staircase to the Swamp.
 16596 | Lair:3   | Found a transporter.
 16817 | Lair:3   | Found a blossoming altar of Fedhas.
 17080 | Lair:3   | Found a one-way gate to the infinite horrors of the Abyss.
 17114 | Lair:4   | Found a runed translucent door.
 17130 | Lair:4   | Identified the +3 spear of the Seven Spreadsheets
                  | {antimagic, Will++ SInv}
 17134 | Lair:4   | Noticed Nonny's ghost (journeyman TrAE)
 17272 | Lair:4   | Reached skill level 5 in Dodging
 17272 | Lair:4   | Reached skill level 5 in Shields
 17475 | Lair:4   | Reached skill level 5 in Fighting
 18221 | Lair:5   | Entered Level 5 of the Lair of Beasts
 18398 | Lair:5   | Reached skill level 5 in Short Blades
 18398 | Lair:5   | Reached skill level 10 in Stealth
 18493 | Lair:5   | Identified the +0 ring mail "Trusted Companion" {*Slow
                  | Dex+3}
 19046 | Lair:5   | Reached skill level 5 in Armour
 19115 | Lair:5   | Found a runed translucent door.
 19368 | Lair:5   | Reached skill level 10 in Hexes
 19664 | Lair:5   | Learned a level 5 spell: Irradiate
 19831 | Lair:5   | Reached skill level 1 in Transmutations
 20196 | Lair:5   | Found a viscous altar of Jiyva.
 20198 | Lair:5   | Found a staircase to the Slime Pits.
 20517 | Lair:5   | Reached XP level 14. HP: 70/70 MP: 28/28
 20813 | Lair:5   | Reached skill level 10 in Spellcasting
 21430 | Lair:5   | Identified the +9 battleaxe of Comaovic {flame, rN+}
 21831 | D:4      | Killed Ijyb
 21921 | D:4      | Found a shimmering altar of Xom.
 22630 | D:9      | Killed Harold
 22658 | D:9      | Killed Joseph
 22681 | D:10     | Identified the +12 spear of Wiuss {speed, rElec rN+ Will+
                  | SInv}
 23152 | D:10     | Found a portal to a secret trove of treasure.
 24396 | D:11     | Noticed Sonja
 24405 | D:11     | Killed Sonja
 24495 | D:11     | Found a runed translucent door.
 24497 | D:11     | Noticed Psyche
 24504 | D:11     | Killed Psyche
 24892 | D:12     | Found a frozen archway.
 24919 | D:12     | Reached skill level 5 in Transmutations
 24936 | IceCv    | Entered an ice cave
 26034 | IceCv    | Noticed a reaper
 26048 | IceCv    | Killed a reaper
 26393 | IceCv    | Identified the ring of Pikly {rN+ rCorr Str+4 Int-2 SInv}
 26838 | D:12     | Noticed Erolcha
 26849 | D:12     | Killed Erolcha
 26946 | D:12     | Noticed Kirke
 26962 | D:12     | Noticed Gastronok
 26970 | D:12     | Killed Kirke
 27016 | D:12     | Killed Gastronok
 27017 | D:12     | Reached XP level 15. HP: 77/77 MP: 23/30
 27075 | D:12     | Noticed Fannar
 27103 | D:12     | Killed Fannar
 27117 | D:12     | Identified the +7 rapier of Fate {antimagic, Str+2}
 27400 | D:12     | Noticed Lodul
 27413 | D:12     | Killed Lodul
 27833 | Orc:1    | Entered Level 1 of the Orcish Mines
 27833 | Orc:1    | Found Totum's Self-Improvement Boutique.
 28040 | Orc:1    | Bought a manual of Fighting for 1280 gold pieces
 28335 | Orc:2    | Entered Level 2 of the Orcish Mines
 28348 | Orc:1    | Reached skill level 1 in Polearms
 28702 | Orc:2    | Noticed Donald
 28824 | Orc:2    | Killed Donald
 29726 | Orc:2    | Found a staircase to the Elven Halls.
 29811 | Orc:2    | Found Hough's Antique Armour Emporium.
 29811 | Orc:2    | Found Umoteof's Magic Scroll Boutique.
 29813 | Orc:2    | Found Xifratoiwn's General Store.
 29815 | Orc:2    | Found Tyngem's Book Shoppe.
 29823 | Orc:2    | Bought a wand of mindburst (5) for 105 gold pieces
 29828 | Orc:2    | Bought a book of Burglary for 340 gold pieces
 29828 | Orc:2    | Bought a book of Dangerous Friends for 680 gold pieces
 29831 | Orc:2    | Learned a level 2 spell: Passwall
 31072 | D:14     | Found Tioserytz's Jewellery Shop.
 31231 | D:14     | Found a broken altar of Ashenzari.
 31808 | D:14     | Reached skill level 10 in Fighting
 32237 | D:14     | Reached XP level 16. HP: 38/85 MP: 22/31
 33035 | D:14     | Found a gate to the Vaults.
 33235 | D:14     | Learned a level 3 spell: Swiftness
 33236 | D:15     | Entered Level 15 of the Dungeon
 33482 | D:15     | Reached skill level 1 in Air Magic
 33774 | D:15     | Reached skill level 10 in Transmutations
 34270 | D:14     | Bought a ring of poison resistance for 360 gold pieces
 34280 | D:14     | Bought a shimmering leather armour for 238 gold pieces
 34280 | D:14     | Identified the +0 leather armour "Sydes" {Will+} (You
                  | bought it in a shop on level 14 of the Dungeon)
 34453 | Swamp:1  | Entered Level 1 of the Swamp
 34784 | Swamp:1  | Acquired the ring of Xom's Entertainment {Will+ Dex+3
                  | Slay+5}
 35691 | Swamp:2  | Learned a level 5 spell: Iskenderun's Battlesphere
 35752 | Swamp:2  | Reached skill level 5 in Polearms
 36648 | Swamp:3  | Noticed Mara
 36787 | Spider:1 | Entered Level 1 of the Spider Nest
 37715 | Spider:1 | Reached skill level 12 in Conjurations
 37715 | Spider:1 | Reached XP level 17. HP: 91/91 MP: 32/32
 38738 | Spider:1 | Identified the +1 dagger of Uqiqyplo {heavy, Str+6}
 39582 | Spider:2 | Noticed Frances
 40329 | Spider:2 | Noticed Agnes
 40369 | Spider:2 | Reached XP level 18. HP: 98/98 MP: 25/33
 40960 | Spider:1 | Killed Frances
 41424 | Spider:3 | Reached skill level 10 in Dodging
 41592 | Spider:3 | Reached skill level 13 in Conjurations
 41762 | Spider:3 | Reached skill level 5 in Air Magic
 42134 | Spider:3 | Noticed Arachne
 42164 | Spider:3 | Killed Arachne
 43748 | Spider:4 | Entered Level 4 of the Spider Nest
 43811 | Spider:4 | Learned a level 5 spell: Arcjolt
 44312 | Spider:4 | Reached skill level 1 in Summonings
 45009 | Spider:4 | Identified the +0 robe of Patience {rF+ Str+3 Dex+3}
 45343 | Spider:4 | Reached skill level 14 in Conjurations
 46602 | Swamp:3  | Noticed Jorgrun
 46638 | Swamp:3  | Killed Jorgrun
 46639 | Swamp:3  | Reached XP level 19. HP: 104/105 MP: 34/34
 47197 | Swamp:4  | Entered Level 4 of the Swamp
 48889 | Swamp:4  | Reached skill level 15 in Conjurations
 48893 | Swamp:4  | Got a decaying rune of Zot
 49596 | D:11     | Identified the ring of the Median {rPois Dex+6 Slay+3}
 49603 | D:11     | Identified the amulet "Tiywaxt" {Faith Str+2}
 49618 | D:11     | Got the Grimoire of Lava and the Band
 49759 | Vaults:1 | Entered Level 1 of the Vaults
 49979 | Vaults:1 | Found Ycsaa's Armour Boutique.
 50868 | Vaults:1 | Reached skill level 5 in Summonings
 52201 | Vaults:2 | Reached XP level 20. HP: 106/112 MP: 33/35
 52357 | Vaults:2 | Found a staircase to the Crypt.
 53504 | Vaults:3 | Reached skill level 15 in Fighting
 53504 | Vaults:3 | Reached skill level 16 in Conjurations
 53539 | Vaults:3 | Noticed a golden dragon
 54558 | Vaults:3 | Got the Handbook of Jinxing
 54565 | Vaults:3 | Learned a level 5 spell: Yara's Violent Unravelling
 54682 | Vaults:3 | Killed a golden dragon
 56333 | Elf:1    | Entered Level 1 of the Elven Halls
 56366 | Elf:1    | Reached XP level 21. HP: 116/117 MP: 36/36
 57009 | Elf:1    | You fall into a shaft and drop 1 floor!
 57445 | Elf:2    | Reached skill level 10 in Polearms
 57539 | Elf:2    | Found a runed translucent gate.
 57540 | Elf:2    | Found a runed translucent gate.
 57541 | Elf:2    | Found a runed translucent gate.
 57542 | Elf:2    | Noticed Uskumoca's ghost (adept OgCA)
 57543 | Elf:2    | Noticed SirLogeyBear's ghost (adept HOBe)
 57621 | Elf:2    | Reached skill level 17 in Conjurations
 58006 | Elf:2    | Found a runed translucent gate.
 58006 | Elf:2    | Found a runed translucent gate.
 58006 | Elf:2    | Found a runed translucent gate.
 58115 | Elf:3    | Entered Level 3 of the Elven Halls
 58188 | Elf:3    | Found Gucaudau's Assorted Antiques.
 58218 | Elf:3    | Bought a runed helmet for 232 gold pieces
 58867 | Elf:3    | Reached skill level 10 in Summonings
 58968 | Elf:3    | Identified the +7 dire flail "Soawen" {flame, rC+ rN+}
 59014 | Elf:3    | Identified the +9 halberd of the Gibberer {heavy, rC+ MP+9}
 59348 | Elf:3    | Identified the amulet of Peuqoer {Acrobat Harm Str+2}
 59685 | Elf:3    | Identified the amulet of Sagewila {Reflect Harm SH+5}
 59893 | Elf:3    | Got the Cyclopedia of the Moving Icicle
 59897 | Elf:3    | Learned a level 2 spell: Lesser Beckoning
 59925 | Elf:3    | Identified the staff of air "Orirr" {rElec rF+ rC+ rN+}
 59928 | Elf:3    | Got the Book of the Magpie
 59934 | Elf:3    | Got the Omnibus of the Posthumous Switch
 59938 | Elf:3    | Identified the staff of conjuration "Leataell" {rElec Int-3
                  | SInv}
 59989 | Elf:3    | Identified the staff of fire "Jutos" {rF+ Str+4}
 59996 | Elf:3    | Got the Thoughts on Foggy Production
 60875 | Spider:4 | Got a gossamer rune of Zot
 61284 | Abyss:3  | Cast into level 3 of the Abyss (spriggan rider)
 61287 | Abyss:3  | Found a corrupted altar of Lugonu.
 61326 | Abyss:3  | Learned a level 1 spell: Apportation
 61397 | Abyss:3  | Paralysed by you for 3 turns
 61446 | Abyss:3  | Noticed a bone dragon
 61475 | Abyss:3  | Killed a bone dragon
 61579 | Abyss:3  | Got an abyssal rune of Zot
 61583 | Abyss:3  | Noticed a bone dragon
 61638 | Abyss:3  | Found a corrupted altar of Lugonu.
 61797 | Lair:3   | Escaped the Abyss
 61812 | Lair:3   | Reached XP level 22. HP: 118/123 MP: 27/37
 61851 | Lair:3   | Killed Zonian's ghost
 61944 | Lair:4   | Killed Nonny's ghost
 62326 | D:15     | Learned a level 6 spell: Iron Shot
 62334 | D:15     | Learned a level 7 spell: Spellforged Servitor
 62499 | Crypt:1  | Entered Level 1 of the Crypt
 63368 | Crypt:1  | You are sucked into a shaft and drop 1 floor!
 63621 | Crypt:2  | Reached skill level 18 in Conjurations
 64310 | Crypt:3  | Entered Level 3 of the Crypt
 64322 | Crypt:3  | Noticed an ancient lich
 65341 | Crypt:3  | Found a corrupted altar of Lugonu.
 65500 | Crypt:3  | Found a staircase to the Tomb.
 65668 | Crypt:3  | Killed an ancient lich
 65669 | Crypt:3  | Reached XP level 23. HP: 74/128 MP: 18/38
 66340 | Crypt:3  | Found a basalt altar of Yredelemnul.
 66480 | Crypt:3  | Reached skill level 19 in Conjurations
 66783 | Crypt:3  | Identified the amulet of the Ancients {Regen+ MP+9 SInv}
 66864 | Crypt:3  | Got the Vellum of Evil
 67551 | Elf:2    | Killed SirLogeyBear's ghost
 67560 | Elf:2    | Killed Uskumoca's ghost
 67594 | Elf:2    | Identified the ring "Onuiro" {rCorr AC+4 Str+2 Dex-4
                  | Stlth+}
 67866 | D:15     | Found a staircase to the Depths.
 67893 | Depths:1 | Entered Level 1 of the Depths
 67982 | Depths:2 | Found a gateway to Hell.
 68885 | Depths:1 | Identified the +12 scimitar of the Eternal Void {freeze,
                  | Dex+2 SInv}
 69780 | Depths:2 | Found a basalt altar of Yredelemnul.
 69866 | Depths:2 | Noticed a golden dragon
 69876 | Depths:2 | Killed a golden dragon
 69877 | Depths:2 | Reached XP level 24. HP: 121/135 MP: 38/38
 70066 | Depths:2 | Found a one-way gate leading to the halls of Pandemonium.
 70370 | Depths:2 | Reached skill level 20 in Conjurations
 70536 | Depths:2 | Noticed a caustic shrike
 70550 | Depths:2 | Killed a caustic shrike
 70688 | Depths:2 | Reached skill level 15 in Summonings
 70768 | Depths:2 | Identified the staff of earth "Pisires" {Fly Int+5 Dex+3}
 71606 | Depths:3 | Found Sazui's Jewellery Emporium.
 71608 | Depths:3 | Found Eluguigg's Book Boutique.
 71609 | Depths:3 | Found Vuemof's Jewellery Emporium.
 72053 | Depths:3 | Identified the ring "Ania" {rC+ EV+5 Dex+4}
 72057 | Depths:3 | Noticed an ancient lich
 72269 | Depths:3 | Killed an ancient lich
 72316 | Depths:3 | Identified the staff of poison "Kyokkuro" {rPois Will+}
 72398 | Depths:4 | Entered Level 4 of the Depths
 72472 | Depths:4 | Found Ydemmiom's Fire Supplies.
 72640 | Depths:4 | Noticed Frederick
 72656 | Depths:4 | Killed Frederick
 73056 | Depths:4 | Found a one-way gateway to a ziggurat.
 73124 | Depths:4 | Reached XP level 25. HP: 141/141 MP: 39/39
 73291 | Depths:4 | Found a gate to the Realm of Zot.
 73475 | Zot:1    | Entered Level 1 of the Realm of Zot
 73903 | Zot:5    | Entered Level 5 of the Realm of Zot
 74184 | Zot:5    | Noticed a dread lich
 74184 | Zot:5    | Noticed an orb of fire
 74190 | Zot:5    | Noticed an orb of fire
 74217 | Zot:5    | Noticed an ancient lich
 74322 | Zot:5    | Got the Orb of Zot
 74336 | Zot:5    | Killed a Killer Klown
 74343 | Zot:5    | Killed a Killer Klown
 75037 | D:$      | Escaped with the Orb!

Illustrated notes

Levels and vault maps discovered:
D:1:      wander_arrival_desolate, layout_basic
D:2:      layout_basic, basic_altar
D:3:      layout_loops_cross, led_sif_book
D:4:      layout_basic, kb_xom_exploding_sheep, nicolae_tso_swordbearing_angel,
          nicolae_overflow_crystal_walls, riverfiend_overflow_shadow_ancestor,
          serial_shops, shop, portal_sewer_entry_b, nrook_loot_triangle,
          uniq_ijyb
D:5:      minmay_razor_zed, layout_basic, lemuel_doored_altar
D:6:      layout_gridville, makhleb_altar_promises_db, lemuel_tele_altar
D:7:      layout_loops_ring, nicolae_uskayaw_suspiria,
          overflow_temple_1_default, minmay_temple_entry_mist
D:8:      wander_river, layout_basic, vehumet_altar_wand_db,
          nemelex_spade_bored_becter, lair_entry_dummy, serial_glass,
          glass_columns_a, glass_columns_a, nrook_pool_corridor
D:9:      layout_roguey, nicolae_elyvilon_peaceful_grove, erik_orc_1,
          lemuel_flame_loot_1, uniq_harold, uniq_pikel, uniq_joseph
D:10:     minmay_the_grid_octo_tiled_octocenter
          [minmay_the_grid_octo_fat_diamond, minmay_the_grid_octo_toaster,
          minmay_the_grid_octo_clover, minmay_the_grid_octo_thin_diamonds,
          minmay_the_grid_octo_prize_big_c, minmay_the_grid_square_5x5_fat_x,
          minmay_the_grid_square_5x5_bridge, minmay_the_grid_square_5x5_dogpile,
          minmay_the_grid_square_5x5_two_walls_b], layout_loops_ring,
          nicolae_trove_entry_crossroad
D:11:     layout_stronghold, minmay_st_funbox, uniq_sonja, uniq_psyche
D:12:     layout_basic, portal_ice_cave_rime, uniq_kirke, uniq_gastronok,
          uniq_fannar, uniq_lodul, uniq_erolcha
D:13:     layout_cave_pools
D:14:     layout_basic, grunt_vaults_entry_fortified, serial_shops,
          nicolae_shop_gaudy_bauble, nicolae_ashenzari_skybound
D:15:     grunt_enter_depths_hoard, layout_layer_cave,
          hangedman_abyss_or_decor_passed
Lair:1:   layout_regular_city
Lair:2:   layout_roguey, nicolae_spider_entry_non_spiders, minivault_24,
          lemuel_fruit_tree, grunt_megastairs_2
Lair:3:   layout_misc_corridors, swamp_mist, gammafunk_ghost_abyssal_escape,
          minivault_27, tgw_fedhas
Lair:4:   layout_cave_pods, ebering_ghost_funeral_grove,
          chequers_serial_rivers_small_3
Lair:5:   evilmike_catoblepas_cave, layout_cave_pods, slime_entry_2,
          lemuel_fruit_fields
Swamp:1:  layout_basic_swamp, evilmike_swamp_ruin_house_4,
          nicolae_swamp_bean_lake
Swamp:2:  layout_falls_marsh, nicolae_swamp_round_clearing
Swamp:3:  layout_basic_swamp, evilmike_swamp_ruin_house_3, uniq_jorgrun,
          uniq_mara
Swamp:4:  swamp_basic_johnstein, layout_basic_swamp
Spider:1: layout_spider_delve
Spider:2: layout_cave_pods, uniq_agnes, uniq_frances
Spider:3: layout_chambers, uniq_arachne
Spider:4: hellmonk_spider_rune_endless_swarm
Orc:1:    layout_caves, nicolae_shop_self_help
Orc:2:    st_orc_rangers, layout_diamond_mine, nicolae_orc_tapped_out,
          uniq_donald
Elf:1:    layout_gridlike, hangedman_elven_crosses_minicolossus,
          grunt_megastairs_1
Elf:2:    nicolae_elf_blades_splatter_lattice [nicolae_blade_little_rooms],
          layout_geoelf_grid, gammafunk_ghost_cemetery
Elf:3:    minmay_elf_hall_not_hex, layout_onion_city, serial_shops, shop
Vaults:1: v_misc_25, nicolae_vaults_little_squares_6, ontoclasm_vaults_pinch,
          nicolae_vaults_little_guard_posts, vaults_room_stairs_pillars,
          nicolae_vaults_six-pack, ontoclasm_vaults_decontamination,
          nicolae_vaults_trapezoid_1, nicolae_vaults_mini_display_case,
          nicolae_vaults_tetromino_L_2, nicolae_vaults_little_squares_5,
          layout_vaults_omnigrid, serial_shops, shop
Vaults:2: nicolae_vaults_network_periphery, nicolae_vaults_storage_closets_3,
          v_misc_16, v_misc_12, ontoclasm_vaults_twist, hangedman_vaults_trim,
          nicolae_vaults_shipping_containers_4, layout_vaults_chaotic_city,
          minmay_crypt_entry_simple_box
Vaults:3: hangedman_vaults_slice, nicolae_vaults_six-pack,
          nicolae_vaults_yaktaur_gun_rack, nicolae_vaults_sesquioval_fish,
          ontoclasm_vaults_tryst, hangedman_vaults_pinch, st_check,
          nicolae_vaults_storage_closets_2, nicolae_vaults_little_squares_1,
          v_misc_13, nicolae_vaults_double_plus_2, layout_vaults_maze_snakey
Vaults:4: nicolae_vaults_inception_statues, hangedman_vaults_variations,
          v_misc_11, vaults_mumra_minichess_inversion,
          nicolae_vaults_tetromino_T_2, v_misc_13,
          nicolae_vaults_corridor_and_loot_room, nicolae_vaults_double_plus_3,
          layout_vaults_omnicross
Crypt:1:  layout_gridlike, grunt_crypt_arrival_split
Crypt:2:  layout_gridlike
Crypt:3:  church_of_pain_bobbens, layout_chaotic_city,
          tomb_entry_sphere_bobbens, st_stairs_9, lemuel_hellish_altar
Depths:1: layout_cave_pools, abyss_entry, chequers_serial_rivers_micro_a,
          nicolae_hell_entry_hellmouth_sunbeams, minmay_pinched_square,
          serial_bayou_shore_a
Depths:2: minmay_box_of_curves, layout_cave_pools, kennysheep_nub,
          rand_demon_pan_entry_3, hell_entry, dk_noncrumbling_3,
          yredelemnul_altar_generic
Depths:3: cheibrodos_cascadia, layout_cave_pools, minmay_room_of_horrors,
          hangedman_geh_valley, minmay_misc_feat_x, minmay_shop_grove
Depths:4: evilmike_zot_entry_round, layout_basic, enter_ziggurat_a, hell_entry,
          hangedman_abyss_or_decor_slice, minmay_statues_item,
          nicolae_shop_fire_sale [nicolae_sub_dead_trees], uniq_frederick
Zot:1:    layout_concentric_octagons, skrybe_zot_glass_3
Zot:2:    layout_misc_corridors
Zot:3:    layout_gridlike, st_single_dragon_hoard_4, drop_trap
Zot:4:    layout_cathedral_of_symmetry, uniq_tiamat
Zot:5:    layout_gridville

Skill      XL: |  1  2  3  4  5  6  7  8  9 10 11 12 13 14 15 16 17 18 19 20 21 22 23 24 25 |
---------------+----------------------------------------------------------------------------+-----
Stealth        | 3 4 5 6 8 9 10 | 10.0
Hexes          | 1 2 3 4 5 7 8 9 10 11 | 11.0
Spellcasting   | 3 4 5 7 8 9 10 11 | 11.8
Conjurations   | 5 6 7 9 10 12 14 15 16 17 18 19 20 | 20.0
Translocations | 1 2 4 6 |  6.0
Fighting       | 1 3 4 6 8 10 11 12 13 14 15 16 17 | 17.7
Dodging        | 2 3 4 6 7 8 9 10 11 12 13 14 | 14.6
Shields        | 1 3 4 5 |  5.0
Armour         | 1 2 4 5 |  5.0
Short Blades   | 2 4 6 7 8 |  8.0
Transmutations | 1 6 9 10 11 | 11.0
Polearms       | 3 5 6 7 8 9 10 11 12 13 | 13.6
Air Magic      | 3 4 6 8 |  8.0
Summonings     | 3 6 9 10 12 14 16 17 | 17.1

Action                     |  1- 3 |  4- 6 |  7- 9 | 10-12 | 13-15 | 16-18 | 19-21 | 22-24 | 25-27 || total
---------------------------+-------+-------+-------+-------+-------+-------+-------+-------+-------++-------
  Melee: Unarmed           |     5 |       |       |       |       |       |       |       |       ||     5
         Bite              |     1 |     1 |    27 |   123 |   590 |   436 |  1028 |   862 |    91 ||  3159
         Dagger            |     1 |     9 |   107 |   314 |   723 |       |    74 |       |       ||  1228
         Punch             |       |       |     1 |     2 |       |       |       |       |       ||     3
         Spear             |       |       |       |       |   633 |  1025 |  1923 |   936 |   152 ||  4669
         Trishula          |       |       |       |       |       |       |       |   822 |    32 ||   854
  Throw: Dart              |       |     5 |     8 |     1 |       |     2 |     4 |       |       ||    20
   Cast: Magic Dart        |    75 |   102 |    95 |    56 |    64 |   441 |    73 |     3 |       ||   909
         Searing Ray       |     5 |    12 |    37 |    47 |    66 |     1 |       |       |       ||   168
         Fulminant Prism   |       |       |     4 |    80 |   168 |    18 |     4 |     6 |       ||   280
         Irradiate         |       |       |       |       |    33 |    76 |    70 |    32 |     2 ||   213
         Iskenderun's Batt |       |       |       |       |       |    88 |    20 |       |       ||   108
         Arcjolt           |       |       |       |       |       |    15 |    39 |       |       ||    54
         Iskenderun's Myst |       |       |       |       |       |       |     8 |     6 |       ||    14
         Yara's Violent Un |       |       |       |       |       |       |    11 |    18 |     1 ||    30
         Apportation       |       |       |       |       |       |       |     1 |       |       ||     1
         Passwall          |       |       |       |       |       |       |     1 |       |       ||     1
         Spellforged Servi |       |       |       |       |       |       |       |    81 |    11 ||    92
         Lesser Beckoning  |       |       |       |       |       |       |       |     6 |       ||     6
 Invoke: Call Merchant     |       |       |       |       |       |     2 |       |       |       ||     2
         Potion Petition   |       |       |       |       |       |       |     1 |       |       ||     1
         Bribe Branch      |       |       |       |       |       |       |       |       |     6 ||     6
  Evoke: Wand              |       |     1 |     5 |     6 |    27 |     1 |     1 |     1 |       ||    42
         Box of beasts     |       |       |       |       |       |     1 |       |       |       ||     1
         Phial of floods   |       |       |       |       |       |       |       |       |     1 ||     1
    Use: Scroll            |       |     7 |    11 |     9 |    10 |     6 |     7 |    11 |     5 ||    66
         Potion            |       |       |     1 |     4 |     4 |     6 |     5 |     1 |     4 ||    25
   Stab: Sleeping          |       |     2 |     1 |     3 |    14 |    16 |    41 |    12 |     2 ||    91
         Distracted        |       |       |       |     2 |    12 |     2 |    13 |    45 |     8 ||    82
         Invisible         |       |       |       |       |     2 |       |     2 |       |       ||     4
         Petrified         |       |       |       |       |     6 |       |       |       |       ||     6
 Armour: Robe              |     6 |     2 |    37 |    15 |    19 |       |   220 |   208 |    26 ||   533
         Leather armour    |       |       |       |   102 |   364 |   343 |   146 |       |       ||   955
  Dodge: Dodged            |     4 |    12 |    80 |   206 |   595 |   467 |   665 |   624 |    85 ||  2738
  Block: Other             |       |     1 |    29 |    16 |       |       |       |       |       ||    46
         Reflection        |       |       |     1 |     8 |    88 |    18 |    24 |     3 |       ||   142
         Buckler           |       |       |       |   168 |   610 |   444 |   572 |   383 |    24 ||  2201
